 Dungeon Crawl Stone Soup version 0.17-a0-1301-ga863c44 (webtiles) character file.

3572 Fluffy the Basher (level 10, -2/56 HPs)
             Began as a Gargoyle Fighter on June 7, 2015.
             Was an Elder of Okawaru.
             Slain by an orc warrior
             ... wielding a +0 halberd
              (9 damage)
             ... in a bailey.
             The game lasted 00:16:43 (6599 turns).

Fluffy the Basher (Gargoyle Fighter)                Turns: 6599, Time: 00:16:44

Health: -2/56      AC: 22    Str: 20    XL:     10   Next: 9%
Magic:  0/16       EV:  7    Int:  9    God:    Okawaru [****..]
Gold:   367        SH: 11    Dex: 12    Spells: 0 memorised, 9 levels left

rFire  . . .     SeeInvis .     g - +2 mace (venom)
rCold  + . .     Clarity  .     D - +0 plate armour
rNeg   + . .     SustAt   .     c - +0 shield
rPois  ∞         Gourm    .     o - +0 helmet
rElec  +         Spirit   +     (no cloak)
rCorr  .         Warding  .     (no gloves)
rMut   .         Stasis   .     (no boots)
MR     +....                    x - amulet of guardian spirit
Stlth  ..........               t - ring of protection from cold
                                l - ring of protection from magic

@: heroism, somewhat resistant to hostile enchantments, extremely unstealthy
A: negative energy resistance 1, electricity resistance, unbreathing,
petrification resistance, rot immunity, AC +7
a: Heroism, Renounce Religion


You were in a bailey.
You worshipped Okawaru.
Okawaru was greatly pleased with you.
You were hungry.

You visited 2 branches of the dungeon, and saw 9 of its levels.
You also visited: Bailey.

You collected 367 gold pieces.

Inventory:

Hand weapons
 g - a +2 mace of venom (weapon)
Armour
 c - a +0 shield (worn)
 o - a +0 helmet (worn)
 D - a +0 plate armour (worn)
Jewellery
 l - a ring of protection from magic (left hand)
 t - a ring of protection from cold (right hand)
 x - an amulet of guardian spirit (around neck)
Magical devices
 w - a wand of heal wounds (3)
 z - a wand of digging (7)
 E - a wand of teleportation (6)
 G - a wand of lightning (8)
Scrolls
 f - 3 scrolls of remove curse {unknown}
 h - 5 scrolls of identify
 n - a scroll of blinking {unknown}
 r - a scroll of immolation {unknown}
 u - 2 scrolls of enchant armour {unknown}
 v - 2 scrolls of recharging {unknown}
 y - 2 scrolls of teleportation {unknown}
Potions
 d - a potion of might
 i - 9 potions of curing
 k - 2 potions of flight
 p - 2 potions of beneficial mutation {unknown}
 q - 2 potions of resistance
 s - 2 potions of invisibility
 A - a potion of agility
 B - a potion of ambrosia
Comestibles
 e - 5 bread rations
 j - 5 meat rations
 m - a slice of pizza
 C - 2 beef jerkies
 F - a fruit


   Skills:
 + Level 4.0(9.0) Fighting
 + Level 10.6(15.6) Maces & Flails
 + Level 4.2(9.2) Armour
 + Level 4.6(9.6) Shields
 + Level 9.1 Invocations


You had 9 spell levels left.
You didn't know any spells.

Dungeon Overview and Level Annotations

Branches:
Dungeon (8/15)             Temple (1/1) D:4
   Lair: D:8-11

Altars:
Ashenzari
Cheibriados
Dithmenos
Elyvilon
Fedhas
Gozag
Kikubaaqudgha
Makhleb
Nemelex Xobeh
Okawaru
Qazlal
Ru
Sif Muna
Trog
Vehumet
Xom
Yredelemnul
Zin
The Shining One

Shops:
D:7 (


Innate Abilities, Weirdness & Mutations

You are resistant to torment.
Your stone body is resilient (AC +7).
You are immune to poison.
You resist negative energy.
You are resistant to electric shocks.
You can survive without breathing.
You are immune to petrification.
You are immune to rotting.


Message History

You hit the orc warrior.
The orc warrior is poisoned.
The orc warrior is moderately wounded.
The orc warrior barely misses you.
The orc warrior hits you but does no damage.
You block the orc warrior's attack.
You closely miss the orc warrior.
The orc warrior is heavily wounded.
The orc warrior barely misses you.
The orc warrior hits you from afar with a glaive!
* * * LOW HITPOINT WARNING * * *
You block the orc warrior's attack.
The orc warrior hits you with a halberd.
* * * LOW HITPOINT WARNING * * *
Drink which item? (? for menu, Esc to quit)
Okay, then.
Use which ability? (? or * to list)
You gain the combat prowess of a mighty hero.
You are feeling hungry.
The orc warrior hits you from afar with a halberd!
You die...

##∩###########.##
#.∩.##(..((##..$#
..#...#(.≈≈≈..#...#
≈.......≈≈o≈≈(#..[#
≈.......≈ooo≈.'...#
≈.......≈≈o≈≈.#..(#
..#...#..≈≈≈..#oo.#
.##...##.....##o..#
# ##∩###########@##
## ###


You could see 3 orc warriors.

Vanquished Creatures
  Grinder (D:5)
  Sigmund (D:5)
  The ghost of Fluffy the Cudgeler, an average GrFi (D:6)
  2 phantoms
  3 ice beasts
  A necrophage (D:5)
  2 orc warriors
  3 ogres
  3 sky beasts
  A centaur (D:7)
  4 giant frogs
  5 scorpions
  4 killer bees (D:7)
  3 wights (D:6)
  4 crimson imps
  2 giant frog zombies (D:5)
  A centaur zombie (D:5)
  3 orc priests
  2 hounds
  A jelly (D:7)
  3 worker ants
  2 giant frog skeletons
  4 iguanas
  A hound zombie (D:6)
  Robin (D:2)
  5 adders
  6 gnolls
  2 shadow imps
  An ooze (D:1)
  2 worms
  6 giant geckos
  20 orcs
  A giant cockroach (D:4)
  13 hobgoblins
  7 jackals
  10 kobolds
  3 quokkas
  5 ball pythons
  11 bats
  A giant gecko zombie (D:3)
  5 giant newts
  31 goblins
  2 quokka skeletons
  15 rats
204 creatures vanquished.

Notes
Turn   | Place    | Note
--------------------------------------------------------------
     0 | D:1      | Fluffy the Gargoyle Fighter began the quest for the Orb.
     0 | D:1      | Reached XP level 1. HP: 14/14 MP: 1/1
    51 | D:1      | Reached XP level 2. HP: 16/19 MP: 2/2
   318 | D:1      | Reached skill level 4 in Shields
   318 | D:1      | Reached XP level 3. HP: 23/23 MP: 3/3
   550 | D:2      | Reached XP level 4. HP: 12/28 MP: 4/4
   888 | D:2      | Noticed Robin
   913 | D:2      | Killed Robin
  1383 | D:2      | Reached XP level 5. HP: 29/32 MP: 5/5
  1758 | D:3      | Reached skill level 5 in Maces & Flails
  1882 | D:3      | Found a deep blue altar of Sif Muna.
  1917 | D:3      | Reached XP level 6. HP: 33/37 MP: 6/6
  2448 | D:4      | Reached skill level 6 in Maces & Flails
  2574 | D:4      | Found a staircase to the Ecumenical Temple.
  2590 | Temple   | Entered the Ecumenical Temple
  2739 | Temple   | Became a worshipper of Warmaster Okawaru
  2875 | D:4      | Reached skill level 1 in Invocations
  2875 | D:4      | Reached XP level 7. HP: 26/41 MP: 3/8
  3121 | D:4      | Reached skill level 7 in Maces & Flails
  3239 | D:5      | Entered Level 5 of the Dungeon
  3291 | D:5      | Noticed Grinder
  3332 | D:5      | Killed Grinder
  3371 | D:5      | Noticed Sigmund
  3385 | D:5      | Killed Sigmund
  3385 | D:5      | Acquired Okawaru's first power
  3385 | D:5      | Reached skill level 8 in Maces & Flails
  3385 | D:5      | Reached XP level 8. HP: 38/46 MP: 11/11
  3484 | D:5      | Reached skill level 5 in Invocations
  4442 | D:6      | Reached skill level 9 in Maces & Flails
  4479 | D:6      | Noticed Fluffy's ghost (average GrFi)
  4665 | D:6      | Killed Fluffy's ghost
  4665 | D:6      | Reached XP level 9. HP: 42/51 MP: 11/14
  5221 | D:6      | Reached skill level 10 in Maces & Flails
  5741 | D:7      | Found Ugryro Muco's Antique Weapon Emporium.
  5885 | D:7      | Found a staircase to the Ecumenical Temple.
  6145 | D:7      | Reached XP level 10. HP: 46/56 MP: 13/16
  6400 | D:8      | Found a flagged portal.
  6579 | Bailey   | Entered a bailey
  6580 | Bailey   | Noticed an orc knight
  6599 | Bailey   | Slain by an orc warrior

Vault maps used:
D:1:      minmay_arrival_checkered_box
D:2:      uniq_robin
D:3:      lemuel_doored_altar, first_bread
D:4:      minmay_temple_entry_grid
D:5:      uniq_grinder, uniq_sigmund
D:7:      minmay_temple_entry_purple_smoke, serial_shops, shop
D:8:      dpeg_lair_monsters, enter_bailey_8, serial_shops, shop,
          blue_anna_alchemist, uniq_erolcha
Temple:   kilobyte_greek_temple_18
Bailey:   bailey_polearm_4, bailey

Action                   |  1- 3 |  4- 6 |  7- 9 | 10-12 || total
-------------------------+-------+-------+-------+-------++-------
Melee: Flail             |    38 |       |       |       ||    38
       Mace              |    37 |   187 |   455 |    54 ||   733
Invok: Heroism           |       |       |     1 |     1 ||     2
  Use: Scroll            |       |       |     7 |     2 ||     9
  Eat: Chunk             |       |     6 |    12 |     1 ||    19
